Workbook

Sheet 0 - Comece Aqui
A1: TIMESHEET GRATUITO PARA ESCRITÓRIOS DE ARQUITETURA E ENGENHARIA
A5: Uma ferramenta gratuita do OrigamiFlow para começar a medir horas, capacidade e custos dos seus projetos.
A9: PASSO | B9: AÇÃO | D9: COMO FAZER
A10: 1 | B10: Cadastre a equipe | D10: Informe horas mensais e custos na aba 1.
A11: 2 | B11: Cadastre os projetos | D11: Estruture projetos, etapas, subetapas e horas orçadas na aba 2.
A12: 3 | B12: Lance as horas | D12: A equipe registra diariamente o tempo trabalhado na aba 4.
A13: 4 | B13: Acompanhe a gestão | D13: Use o Dashboard para comparar capacidade, custos e horas dos projetos.
A17: Quer eliminar planilhas e ter tudo conectado automaticamente?
B20: CONHEÇA O ORIGAMIFLOW www.origamiflow.com.br

Sheet 1- Colaboradores
A1: CADASTRO DE COLABORADORES
A3: ID | B3: Colaborador | C3: Cargo | D3: Horas/Mês | E3: Custo Mensal (R$) | F3: Custo/Hora (R$) | G3: Horas Lançadas | H3: Saldo de Horas
A4: 1 | B4: Ana Silva | C4: Arquiteta | D4: 176 | E4: 8500 | F4: =IFERROR(E4/D4,0) -> 48.295455 | G4: =SUMIF('4 - Lancamento_Horas'!$B$5:$B$1004,B4,'4 - Lancamento_Horas'!$H$5:$H$1004) -> 46323.521 | H4: =D4-G4 -> -46147.521
A5: 2 | B5: Bruno Costa | C5: Coordenador | D5: 176 | E5: 12000 | F5: =IFERROR(E5/D5,0) -> 68.181818 | G5: =SUMIF('4 - Lancamento_Horas'!$B$5:$B$1004,B5,'4 - Lancamento_Horas'!$H$5:$H$1004) -> 46323.708 | H5: =D5-G5 -> -46147.708
A6: 3 | B6: Carla Lima | C6: Designer | D6: 176 | E6: 7000 | F6: =IFERROR(E6/D6,0) -> 39.772727 | G6: =SUMIF('4 - Lancamento_Horas'!$B$5:$B$1004,B6,'4 - Lancamento_Horas'!$H$5:$H$1004) -> 46324.542 | H6: =D6-G6 -> -46148.542
F7: =IFERROR(E7/D7,0) -> 0 | G7: =SUMIF('4 - Lancamento_Horas'!$B$5:$B$1004,B7,'4 - Lancamento_Horas'!$H$5:$H$1004) -> 0 | H7: =D7-G7 -> 0
F8: =IFERROR(E8/D8,0) -> 0 | G8: =SUMIF('4 - Lancamento_Horas'!$B$5:$B$1004,B8,'4 - Lancamento_Horas'!$H$5:$H$1004) -> 0 | H8: =D8-G8 -> 0
F9: =IFERROR(E9/D9,0) -> 0 | G9: =SUMIF('4 - Lancamento_Horas'!$B$5:$B$1004,B9,'4 - Lancamento_Horas'!$H$5:$H$1004) -> 0 | H9: =D9-G9 -> 0
F10: =IFERROR(E10/D10,0) -> 0 | G10: =SUMIF('4 - Lancamento_Horas'!$B$5:$B$1004,B10,'4 - Lancamento_Horas'!$H$5:$H$1004) -> 0 | H10: =D10-G10 -> 0
F11: =IFERROR(E11/D11,0) -> 0 | G11: =SUMIF('4 - Lancamento_Horas'!$B$5:$B$1004,B11,'4 - Lancamento_Horas'!$H$5:$H$1004) -> 0 | H11: =D11-G11 -> 0
F12: =IFERROR(E12/D12,0) -> 0 | G12: =SUMIF('4 - Lancamento_Horas'!$B$5:$B$1004,B12,'4 - Lancamento_Horas'!$H$5:$H$1004) -> 0 | H12: =D12-G12 -> 0
F13: =IFERROR(E13/D13,0) -> 0 | G13: =SUMIF('4 - Lancamento_Horas'!$B$5:$B$1004,B13,'4 - Lancamento_Horas'!$H$5:$H$1004) -> 0 | H13: =D13-G13 -> 0
F14: =IFERROR(E14/D14,0) -> 0 | G14: =SUMIF('4 - Lancamento_Horas'!$B$5:$B$1004,B14,'4 - Lancamento_Horas'!$H$5:$H$1004) -> 0 | H14: =D14-G14 -> 0
F15: =IFERROR(E15/D15,0) -> 0 | G15: =SUMIF('4 - Lancamento_Horas'!$B$5:$B$1004,B15,'4 - Lancamento_Horas'!$H$5:$H$1004) -> 0 | H15: =D15-G15 -> 0
F16: =IFERROR(E16/D16,0) -> 0 | G16: =SUMIF('4 - Lancamento_Horas'!$B$5:$B$1004,B16,'4 - Lancamento_Horas'!$H$5:$H$1004) -> 0 | H16: =D16-G16 -> 0
F17: =IFERROR(E17/D17,0) -> 0 | G17: =SUMIF('4 - Lancamento_Horas'!$B$5:$B$1004,B17,'4 - Lancamento_Horas'!$H$5:$H$1004) -> 0 | H17: =D17-G17 -> 0
F18: =IFERROR(E18/D18,0) -> 0 | G18: =SUMIF('4 - Lancamento_Horas'!$B$5:$B$1004,B18,'4 - Lancamento_Horas'!$H$5:$H$1004) -> 0 | H18: =D18-G18 -> 0
... F103: =IFERROR(E103/D103,0) -> 0 | G103: =SUMIF('4 - Lancamento_Horas'!$B$5:$B$1004,B103,'4 - Lancamento_Horas'!$H$5:$H$1004) -> 0 | H103: =D103-G103 -> 0

Sheet 2 - Projetos_Etapas
A1: CADASTRO DE PROJETOS, ETAPAS E SUBETAPAS
A3: ID Projeto | B3: Projeto | C3: Cliente | D3: Status | E3: Etapa | F3: Subetapa | G3: Horas Orçadas
A4: 101 | B4: Residência Jardins | C4: Cliente A | D4: Em andamento | E4: Estudo Preliminar | F4: Levantamento | G4: 20
A5: 101 | B5: Residência Jardins | C5: Cliente A | D5: Em andamento | E5: Estudo Preliminar | F5: Conceito | G5: 35
A6: 101 | B6: Residência Jardins | C6: Cliente A | D6: Em andamento | E6: Anteprojeto | F6: Plantas | G6: 45
A7: 102 | B7: Escritório Vila Olímpia | C7: Cliente B | D7: Em andamento | E7: Projeto Executivo | F7: Detalhamento | G7: 80
A8: 102 | B8: Escritório Vila Olímpia | C8: Cliente B | D8: Em andamento | E8: Obra | F8: Acompanhamento | G8: 60
A9: 103 | B9: Apartamento Moema | C9: Cliente C | D9: Planejado | E9: Interiores | F9: Layout | G9: 30

Sheet 3 - Listas
A1: Colaboradores | B1: Projetos | C1: Etapas | D1: Subetapas
A2: ='1- Colaboradores'!B4 -> Ana Silva | B2: ='2 - Projetos_Etapas'!B4 -> Residência Jardins | C2: ='2 - Projetos_Etapas'!E4 -> Estudo Preliminar | D2: ='2 - Projetos_Etapas'!F4 -> Levantamento
A3: ='1- Colaboradores'!B5 -> Bruno Costa | B3: ='2 - Projetos_Etapas'!B5 -> Residência Jardins | C3: ='2 - Projetos_Etapas'!E5 -> Estudo Preliminar | D3: ='2 - Projetos_Etapas'!F5 -> Conceito
A4: ='1- Colaboradores'!B6 -> Carla Lima | B4: ='2 - Projetos_Etapas'!B6 -> Residência Jardins | C4: ='2 - Projetos_Etapas'!E6 -> Anteprojeto | D4: ='2 - Projetos_Etapas'!F6 -> Plantas
A5: ='1- Colaboradores'!B7 -> 0 | B5: ='2 - Projetos_Etapas'!B7 -> Escritório Vila Olímpia | C5: ='2 - Projetos_Etapas'!E7 -> Projeto Executivo | D5: ='2 - Projetos_Etapas'!F7 -> Detalhamento
A6: ='1- Colaboradores'!B8 -> 0 | B6: ='2 - Projetos_Etapas'!B8 -> Escritório Vila Olímpia | C6: ='2 - Projetos_Etapas'!E8 -> Obra | D6: ='2 - Projetos_Etapas'!F8 -> Acompanhamento
A7: ='1- Colaboradores'!B9 -> 0 | B7: ='2 - Projetos_Etapas'!B9 -> Apartamento Moema | C7: ='2 - Projetos_Etapas'!E9 -> Interiores | D7: ='2 - Projetos_Etapas'!F9 -> Layout
A8: ='1- Colaboradores'!B10 -> 0 | B8: ='2 - Projetos_Etapas'!B10 -> 0 | C8: ='2 - Projetos_Etapas'!E10 -> 0 | D8: ='2 - Projetos_Etapas'!F10 -> 0
A9: ='1- Colaboradores'!B11 -> 0 | B9: ='2 - Projetos_Etapas'!B11 -> 0 | C9: ='2 - Projetos_Etapas'!E11 -> 0 | D9: ='2 - Projetos_Etapas'!F11 -> 0
A10: ='1- Colaboradores'!B12 -> 0 | B10: ='2 - Projetos_Etapas'!B12 -> 0 | C10: ='2 - Projetos_Etapas'!E12 -> 0 | D10: ='2 - Projetos_Etapas'!F12 -> 0
A11: ='1- Colaboradores'!B13 -> 0 | B11: ='2 - Projetos_Etapas'!B13 -> 0 | C11: ='2 - Projetos_Etapas'!E13 -> 0 | D11: ='2 - Projetos_Etapas'!F13 -> 0
A12: ='1- Colaboradores'!B14 -> 0 | B12: ='2 - Projetos_Etapas'!B14 -> 0 | C12: ='2 - Projetos_Etapas'!E14 -> 0 | D12: ='2 - Projetos_Etapas'!F14 -> 0
A13: ='1- Colaboradores'!B15 -> 0 | B13: ='2 - Projetos_Etapas'!B15 -> 0 | C13: ='2 - Projetos_Etapas'!E15 -> 0 | D13: ='2 - Projetos_Etapas'!F15 -> 0
... A101: ='1- Colaboradores'!B103 -> 0 | B101: ='2 - Projetos_Etapas'!B103 -> 0 | C101: ='2 - Projetos_Etapas'!E103 -> 0 | D101: ='2 - Projetos_Etapas'!F103 -> 0
B102: ='2 - Projetos_Etapas'!B104 -> 0 | C102: ='2 - Projetos_Etapas'!E104 -> 0 | D102: ='2 - Projetos_Etapas'!F104 -> 0
B103: ='2 - Projetos_Etapas'!B105 -> 0 | C103: ='2 - Projetos_Etapas'!E105 -> 0 | D103: ='2 - Projetos_Etapas'!F105 -> 0
B104: ='2 - Projetos_Etapas'!B106 -> 0 | C104: ='2 - Projetos_Etapas'!E106 -> 0 | D104: ='2 - Projetos_Etapas'!F106 -> 0
B105: ='2 - Projetos_Etapas'!B107 -> 0 | C105: ='2 - Projetos_Etapas'!E107 -> 0 | D105: ='2 - Projetos_Etapas'!F107 -> 0
B106: ='2 - Projetos_Etapas'!B108 -> 0 | C106: ='2 - Projetos_Etapas'!E108 -> 0 | D106: ='2 - Projetos_Etapas'!F108 -> 0
B107: ='2 - Projetos_Etapas'!B109 -> 0 | C107: ='2 - Projetos_Etapas'!E109 -> 0 | D107: ='2 - Projetos_Etapas'!F109 -> 0
B108: ='2 - Projetos_Etapas'!B110 -> 0 | C108: ='2 - Projetos_Etapas'!E110 -> 0 | D108: ='2 - Projetos_Etapas'!F110 -> 0
B109: ='2 - Projetos_Etapas'!B111 -> 0 | C109: ='2 - Projetos_Etapas'!E111 -> 0 | D109: ='2 - Projetos_Etapas'!F111 -> 0
B110: ='2 - Projetos_Etapas'!B112 -> 0 | C110: ='2 - Projetos_Etapas'!E112 -> 0 | D110: ='2 - Projetos_Etapas'!F112 -> 0
B111: ='2 - Projetos_Etapas'!B113 -> 0 | C111: ='2 - Projetos_Etapas'!E113 -> 0 | D111: ='2 - Projetos_Etapas'!F113 -> 0
B112: ='2 - Projetos_Etapas'!B114 -> 0 | C112: ='2 - Projetos_Etapas'!E114 -> 0 | D112: ='2 - Projetos_Etapas'!F114 -> 0
B113: ='2 - Projetos_Etapas'!B115 -> 0 | C113: ='2 - Projetos_Etapas'!E115 -> 0 | D113: ='2 - Projetos_Etapas'!F115 -> 0
... B201: ='2 - Projetos_Etapas'!B203 -> 0 | C201: ='2 - Projetos_Etapas'!E203 -> 0 | D201: ='2 - Projetos_Etapas'!F203 -> 0

Sheet 4 - Lancamento_Horas
A1: TIMESHEET — LANÇAMENTO DE HORAS
A2: Preencha uma linha por atividade. Use os menus suspensos para selecionar colaborador, projeto, etapa e subetapa.
A4: Data | B4: Colaborador | C4: Projeto | D4: Etapa | E4: Subetapa | F4: Descrição da Atividade | G4: Início | H4: Fim | I4: Horas | J4: Custo (R$)
A5: 46323 | B5: Ana Silva | C5: Residência Jardins | D5: Estudo Preliminar | E5: Conceito | F5: Revisão de conceito | G5: 46323.375 | H5: 46323.521 | I5: =IF(OR(G5="",H5=""),"",MOD(H5-G5,1)*24) -> 3.5 | J5: =IFERROR(I5*INDEX('1- Colaboradores'!$F$4:$F$103,MATCH(B5,'1- Colaboradores'!$B$4:$B$103,0)),0) -> 169.03409
A6: 46323 | B6: Bruno Costa | C6: Escritório Vila Olímpia | D6: Projeto Executivo | E6: Detalhamento | F6: Coordenação técnica | G6: 46323.583 | H6: 46323.708 | I6: =IF(OR(G6="",H6=""),"",MOD(H6-G6,1)*24) -> 3 | J6: =IFERROR(I6*INDEX('1- Colaboradores'!$F$4:$F$103,MATCH(B6,'1- Colaboradores'!$B$4:$B$103,0)),0) -> 204.54545
A7: 46324 | B7: Carla Lima | C7: Apartamento Moema | D7: Interiores | E7: Layout | F7: Estudo de layout | G7: 46324.375 | H7: 46324.542 | I7: =IF(OR(G7="",H7=""),"",MOD(H7-G7,1)*24) -> 4 | J7: =IFERROR(I7*INDEX('1- Colaboradores'!$F$4:$F$103,MATCH(B7,'1- Colaboradores'!$B$4:$B$103,0)),0) -> 159.09091
I8: =IF(OR(G8="",H8=""),"",MOD(H8-G8,1)*24) | J8: =IFERROR(I8*INDEX('1- Colaboradores'!$F$4:$F$103,MATCH(B8,'1- Colaboradores'!$B$4:$B$103,0)),0) -> 0
I9: =IF(OR(G9="",H9=""),"",MOD(H9-G9,1)*24) | J9: =IFERROR(I9*INDEX('1- Colaboradores'!$F$4:$F$103,MATCH(B9,'1- Colaboradores'!$B$4:$B$103,0)),0) -> 0
I10: =IF(OR(G10="",H10=""),"",MOD(H10-G10,1)*24) | J10: =IFERROR(I10*INDEX('1- Colaboradores'!$F$4:$F$103,MATCH(B10,'1- Colaboradores'!$B$4:$B$103,0)),0) -> 0
I11: =IF(OR(G11="",H11=""),"",MOD(H11-G11,1)*24) | J11: =IFERROR(I11*INDEX('1- Colaboradores'!$F$4:$F$103,MATCH(B11,'1- Colaboradores'!$B$4:$B$103,0)),0) -> 0
I12: =IF(OR(G12="",H12=""),"",MOD(H12-G12,1)*24) | J12: =IFERROR(I12*INDEX('1- Colaboradores'!$F$4:$F$103,MATCH(B12,'1- Colaboradores'!$B$4:$B$103,0)),0) -> 0
I13: =IF(OR(G13="",H13=""),"",MOD(H13-G13,1)*24) | J13: =IFERROR(I13*INDEX('1- Colaboradores'!$F$4:$F$103,MATCH(B13,'1- Colaboradores'!$B$4:$B$103,0)),0) -> 0
I14: =IF(OR(G14="",H14=""),"",MOD(H14-G14,1)*24) | J14: =IFERROR(I14*INDEX('1- Colaboradores'!$F$4:$F$103,MATCH(B14,'1- Colaboradores'!$B$4:$B$103,0)),0) -> 0
I15: =IF(OR(G15="",H15=""),"",MOD(H15-G15,1)*24) | J15: =IFERROR(I15*INDEX('1- Colaboradores'!$F$4:$F$103,MATCH(B15,'1- Colaboradores'!$B$4:$B$103,0)),0) -> 0
I16: =IF(OR(G16="",H16=""),"",MOD(H16-G16,1)*24) | J16: =IFERROR(I16*INDEX('1- Colaboradores'!$F$4:$F$103,MATCH(B16,'1- Colaboradores'!$B$4:$B$103,0)),0) -> 0
I17: =IF(OR(G17="",H17=""),"",MOD(H17-G17,1)*24) | J17: =IFERROR(I17*INDEX('1- Colaboradores'!$F$4:$F$103,MATCH(B17,'1- Colaboradores'!$B$4:$B$103,0)),0) -> 0
I18: =IF(OR(G18="",H18=""),"",MOD(H18-G18,1)*24) | J18: =IFERROR(I18*INDEX('1- Colaboradores'!$F$4:$F$103,MATCH(B18,'1- Colaboradores'!$B$4:$B$103,0)),0) -> 0
I19: =IF(OR(G19="",H19=""),"",MOD(H19-G19,1)*24) | J19: =IFERROR(I19*INDEX('1- Colaboradores'!$F$4:$F$103,MATCH(B19,'1- Colaboradores'!$B$4:$B$103,0)),0) -> 0
... I1004: =IF(OR(G1004="",H1004=""),"",MOD(H1004-G1004,1)*24) | J1004: =IFERROR(I1004*INDEX('1- Colaboradores'!$F$4:$F$103,MATCH(B1004,'1- Colaboradores'!$B$4:$B$103,0)),0) -> 0

Sheet 5 - Dashboard
A1: TIMESHEET EXECUTIVO • ORIGAMIFLOW
A3: Horas, capacidade, custos e performance dos projetos em uma única visão gerencial.
A5: HORAS LANÇADAS | D5: CAPACIDADE MENSAL | G5: UTILIZAÇÃO DA EQUIPE | J5: CUSTO DAS HORAS
A6: =SUM('4 - Lancamento_Horas'!$I$5:$I$1004) -> 10.5 | D6: =SUM('1- Colaboradores'!$F$4:$F$103) -> 156.25 | G6: =IFERROR(A6/D6,0) -> 0.0672 | J6: =SUM('4 - Lancamento_Horas'!$K$5:$K$1004) -> 0
A9: HORAS ORÇADAS | D9: SALDO DE HORAS | G9: COLABORADORES ATIVOS | J9: PROJETOS ATIVOS
A10: =SUM('2 - Projetos_Etapas'!$I$4:$I$203) -> 0 | D10: =A10-A6 -> -10.5 | G10: =COUNTIF('1- Colaboradores'!$G$4:$G$103,"Ativo") -> 0 | J10: =COUNTIF('2 - Projetos_Etapas'!$H$4:$H$203,"Ativo") -> 0
A13: CAPACIDADE DA EQUIPE | G13: PERFORMANCE DOS PROJETOS
A14: Colaborador | B14: Capacidade | C14: Horas lançadas | D14: Utilização | G14: Projeto | H14: Horas orçadas | I14: Horas realizadas | J14: Saldo
A15: ='1- Colaboradores'!B4 -> Ana Silva | B15: ='1- Colaboradores'!F4 -> 48.295455 | C15: =SUMIF('4 - Lancamento_Horas'!$B$5:$B$1004,A15,'4 - Lancamento_Horas'!$I$5:$I$1004) -> 3.5 | D15: =IFERROR(C15/B15,0) -> 0.072470588 | G15: ='2 - Projetos_Etapas'!B4 -> Residência Jardins | H15: =SUMIF('2 - Projetos_Etapas'!$B$4:$B$203,G15,'2 - Projetos_Etapas'!$I$4:$I$203) -> 0 | I15: =SUMIF('4 - Lancamento_Horas'!$C$5:$C$1004,G15,'4 - Lancamento_Horas'!$I$5:$I$1004) -> 3.5 | J15: =H15-I15 -> -3.5
A16: ='1- Colaboradores'!B5 -> Bruno Costa | B16: ='1- Colaboradores'!F5 -> 68.181818 | C16: =SUMIF('4 - Lancamento_Horas'!$B$5:$B$1004,A16,'4 - Lancamento_Horas'!$I$5:$I$1004) -> 3 | D16: =IFERROR(C16/B16,0) -> 0.044 | G16: ='2 - Projetos_Etapas'!B5 -> Residência Jardins | H16: =SUMIF('2 - Projetos_Etapas'!$B$4:$B$203,G16,'2 - Projetos_Etapas'!$I$4:$I$203) -> 0 | I16: =SUMIF('4 - Lancamento_Horas'!$C$5:$C$1004,G16,'4 - Lancamento_Horas'!$I$5:$I$1004) -> 3.5 | J16: =H16-I16 -> -3.5
A17: ='1- Colaboradores'!B6 -> Carla Lima | B17: ='1- Colaboradores'!F6 -> 39.772727 | C17: =SUMIF('4 - Lancamento_Horas'!$B$5:$B$1004,A17,'4 - Lancamento_Horas'!$I$5:$I$1004) -> 4 | D17: =IFERROR(C17/B17,0) -> 0.10057143 | G17: ='2 - Projetos_Etapas'!B6 -> Residência Jardins | H17: =SUMIF('2 - Projetos_Etapas'!$B$4:$B$203,G17,'2 - Projetos_Etapas'!$I$4:$I$203) -> 0 | I17: =SUMIF('4 - Lancamento_Horas'!$C$5:$C$1004,G17,'4 - Lancamento_Horas'!$I$5:$I$1004) -> 3.5 | J17: =H17-I17 -> -3.5
A18: ='1- Colaboradores'!B7 -> 0 | B18: ='1- Colaboradores'!F7 -> 0 | C18: =SUMIF('4 - Lancamento_Horas'!$B$5:$B$1004,A18,'4 - Lancamento_Horas'!$I$5:$I$1004) -> 0 | D18: =IFERROR(C18/B18,0) -> 0 | G18: ='2 - Projetos_Etapas'!B7 -> Escritório Vila Olímpia | H18: =SUMIF('2 - Projetos_Etapas'!$B$4:$B$203,G18,'2 - Projetos_Etapas'!$I$4:$I$203) -> 0 | I18: =SUMIF('4 - Lancamento_Horas'!$C$5:$C$1004,G18,'4 - Lancamento_Horas'!$I$5:$I$1004) -> 3 | J18: =H18-I18 -> -3
A19: ='1- Colaboradores'!B8 -> 0 | B19: ='1- Colaboradores'!F8 -> 0 | C19: =SUMIF('4 - Lancamento_Horas'!$B$5:$B$1004,A19,'4 - Lancamento_Horas'!$I$5:$I$1004) -> 0 | D19: =IFERROR(C19/B19,0) -> 0 | G19: ='2 - Projetos_Etapas'!B8 -> Escritório Vila Olímpia | H19: =SUMIF('2 - Projetos_Etapas'!$B$4:$B$203,G19,'2 - Projetos_Etapas'!$I$4:$I$203) -> 0 | I19: =SUMIF('4 - Lancamento_Horas'!$C$5:$C$1004,G19,'4 - Lancamento_Horas'!$I$5:$I$1004) -> 3 | J19: =H19-I19 -> -3
A20: ='1- Colaboradores'!B9 -> 0 | B20: ='1- Colaboradores'!F9 -> 0 | C20: =SUMIF('4 - Lancamento_Horas'!$B$5:$B$1004,A20,'4 - Lancamento_Horas'!$I$5:$I$1004) -> 0 | D20: =IFERROR(C20/B20,0) -> 0 | G20: ='2 - Projetos_Etapas'!B9 -> Apartamento Moema | H20: =SUMIF('2 - Projetos_Etapas'!$B$4:$B$203,G20,'2 - Projetos_Etapas'!$I$4:$I$203) -> 0 | I20: =SUMIF('4 - Lancamento_Horas'!$C$5:$C$1004,G20,'4 - Lancamento_Horas'!$I$5:$I$1004) -> 4 | J20: =H20-I20 -> -4
A21: ='1- Colaboradores'!B10 -> 0 | B21: ='1- Colaboradores'!F10 -> 0 | C21: =SUMIF('4 - Lancamento_Horas'!$B$5:$B$1004,A21,'4 - Lancamento_Horas'!$I$5:$I$1004) -> 0 | D21: =IFERROR(C21/B21,0) -> 0 | G21: ='2 - Projetos_Etapas'!B10 -> 0 | H21: =SUMIF('2 - Projetos_Etapas'!$B$4:$B$203,G21,'2 - Projetos_Etapas'!$I$4:$I$203) -> 0 | I21: =SUMIF('4 - Lancamento_Horas'!$C$5:$C$1004,G21,'4 - Lancamento_Horas'!$I$5:$I$1004) -> 0 | J21: =H21-I21 -> 0
A22: ='1- Colaboradores'!B11 -> 0 | B22: ='1- Colaboradores'!F11 -> 0 | C22: =SUMIF('4 - Lancamento_Horas'!$B$5:$B$1004,A22,'4 - Lancamento_Horas'!$I$5:$I$1004) -> 0 | D22: =IFERROR(C22/B22,0) -> 0 | G22: ='2 - Projetos_Etapas'!B11 -> 0 | H22: =SUMIF('2 - Projetos_Etapas'!$B$4:$B$203,G22,'2 - Projetos_Etapas'!$I$4:$I$203) -> 0 | I22: =SUMIF('4 - Lancamento_Horas'!$C$5:$C$1004,G22,'4 - Lancamento_Horas'!$I$5:$I$1004) -> 0 | J22: =H22-I22 -> 0
A23: ='1- Colaboradores'!B12 -> 0 | B23: ='1- Colaboradores'!F12 -> 0 | C23: =SUMIF('4 - Lancamento_Horas'!$B$5:$B$1004,A23,'4 - Lancamento_Horas'!$I$5:$I$1004) -> 0 | D23: =IFERROR(C23/B23,0) -> 0 | G23: ='2 - Projetos_Etapas'!B12 -> 0 | H23: =SUMIF('2 - Projetos_Etapas'!$B$4:$B$203,G23,'2 - Projetos_Etapas'!$I$4:$I$203) -> 0 | I23: =SUMIF('4 - Lancamento_Horas'!$C$5:$C$1004,G23,'4 - Lancamento_Horas'!$I$5:$I$1004) -> 0 | J23: =H23-I23 -> 0
A24: ='1- Colaboradores'!B13 -> 0 | B24: ='1- Colaboradores'!F13 -> 0 | C24: =SUMIF('4 - Lancamento_Horas'!$B$5:$B$1004,A24,'4 - Lancamento_Horas'!$I$5:$I$1004) -> 0 | D24: =IFERROR(C24/B24,0) -> 0 | G24: ='2 - Projetos_Etapas'!B13 -> 0 | H24: =SUMIF('2 - Projetos_Etapas'!$B$4:$B$203,G24,'2 - Projetos_Etapas'!$I$4:$I$203) -> 0 | I24: =SUMIF('4 - Lancamento_Horas'!$C$5:$C$1004,G24,'4 - Lancamento_Horas'!$I$5:$I$1004) -> 0 | J24: =H24-I24 -> 0
A42: A PLANILHA É O COMEÇO. A GESTÃO COMPLETA ESTÁ NO ORIGAMIFLOW.
A43: Transforme o controle manual do escritório em uma gestão integrada para Arquitetura e Engenharia. No OrigamiFlow você centraliza projetos, tarefas, horas e capacidade da equipe, financeiro, orçamentos, clientes e indicadores de gestão — com recursos de IA para apoiar decisões.
C48: CONHEÇA O ORIGAMIFLOW → www.origamiflow.com.br
A51: Gestão para Arquitetura e Engenharia • Projetos • Equipe • Horas • Financeiro • Orçamentos • IA
